 Dungeon Crawl Stone Soup version 0.27-a0-1384-g1422d76b99 (webtiles) character file.

Game seed: 4896792277785368979

288 LOWERYAK the Skirmisher (level 6, -8/66 HPs)
             Began as an Ogre Transmuter on June 30, 2021.
             Mangled by an ogre (20 damage)
             ... on level 4 of the Dungeon.
             The game lasted 00:06:04 (3988 turns).

LOWERYAK the Skirmisher (Ogre Transmuter)           Turns: 3988, Time: 00:06:04

Health: -8/66      AC:  2    Str: 15    XL:     6   Next: 31%
Magic:  8/10       EV: 19    Int: 16    God:
Gold:   70         SH:  0    Dex: 20    Spells: 5/11 levels left

rFire    . . .     SeeInvis .     - Unarmed
rCold    . . .     Faith    .   (shield currently unavailable)
rNeg     . . .     Spirit   .   (armour currently unavailable)
rPois    x         Reflect  .   (helmet currently unavailable)
rElec    .         Harm     .   (cloak currently unavailable)
rCorr    .         Rampage  .   (gloves unavailable)
Will     +....                  (boots unavailable)
Stlth    ++........             (no amulet)
HPRegen  0.21/turn              g - ring of willpower
MPRegen  0.12/turn              j - +6 ring of dexterity

@: brilliant, spider-form
A: venomous fangs, tiny, unfitting armour, (tough skin 1)
a: End Transformation


You were on level 4 of the Dungeon.
You were a venomous arachnid creature.
You visited 1 branch of the dungeon, and saw 4 of its levels.

You collected 181 gold pieces.
You spent 111 gold pieces at shops.

Inventory:

Armour
 a - a +0 robe (melded)
Magical Staves
 c - a staff of death
 k - a staff of cold
Jewellery
 g - a ring of willpower (left front leg)
 i - an amulet of faith
 j - a +6 ring of dexterity (right front leg)
Scrolls
 d - a scroll of fear {unknown}
 e - a scroll of identify {unknown}
 h - a scroll of summoning {unknown}
 l - 2 scrolls of enchant weapon {unknown}
 m - a scroll of magic mapping {unknown}
 n - a scroll of blinking
 o - a scroll of acquirement {unknown}
 p - a scroll of brand weapon {unknown}
Potions
 b - a potion of brilliance


   Skills:
 + Level 5.0 Fighting
 - Level 1.7 Dodging
 * Level 3.9 Unarmed Combat
 - Level 3.1 Spellcasting
 - Level 2.4 Transmutations
 - Level 2.0 Poison Magic


You had 5 spell levels left.
You knew the following spells:

 Your Spells              Type           Power      Damage    Failure   Level
a - Beastly Appendage     Tmut           30%        N/A       19%         1
b - Wereblood             Tmut           15%        N/A       26%         2
c - Spider Form           Tmut/Pois      7%         N/A       43%         3

Your spell library contained the following spells:

 Spells                   Type           Power      Damage    Failure   Level
 Ice Form                 Ice/Tmut       9%         N/A       88%         4


Dungeon Overview and Level Annotations

Branches:
Dungeon (4/15)
 Temple: D:4-7

Altars:
Makhleb
Qazlal

Shops:
D:1 *   D:2 ?


Innate Abilities, Weirdness & Mutations

You are a venomous arachnid creature.
You have poisonous fangs.
You are tiny and dextrous.
Your spellcasting is less reliable in this form.
Your armour is entirely melded.
You are incapable of wielding weapons or throwing items.
You are too large for most types of armour.
((You have tough skin. (AC +1)))


Message History

The adder closely misses you. The orc hits you with a +0 club.
* * * LOW HITPOINT WARNING * * *
An ogre comes into view. It is wielding a +0 giant club.
A scorpion comes into view.
The adder bites you.
* * * LOW HITPOINT WARNING * * *
You are poisoned.
The adder poisons you!
You feel sick.
You feel sick.
You feel sick.
You feel sick.
You feel better. The orc misses you.
It was a potion of brilliance.
You feel clever all of a sudden. The orc closely misses you.
Casting: Spider Form (dangerous; 22% risk of failure)
Confirm with . or Enter, or press ? or * to list all spells.
You feel a surge of power!
You turn into a venomous arachnid creature.
Your +0 robe melds into your body.
The orc hits you with a +0 club.
* * * LOW HITPOINT WARNING * * *
The ogre closely misses you.
You hit the ogre.
The ogre is poisoned.
The ogre is lightly wounded.
The orc barely misses you.
You hit the ogre.
The ogre looks as sick as possible!
The ogre is lightly wounded.
The ogre barely misses you. The orc barely misses you.
Unknown command.
You bite the ogre!
The ogre looks as sick as possible!
The ogre is heavily wounded.
The ogre misses you. The orc barely misses you.
Unknown command.
You hit the ogre.
The ogre looks as sick as possible!
The ogre is severely wounded.
The orc hits you with a +0 club.
* * * LOW HITPOINT WARNING * * *
The ogre hits you with a +0 giant club!!
You die...

### ## #..##.#
#...... ## #....
##... ##...## #....
#.....#
......##....######
.....##...ooo.##s##
..........ol.o##oO#
...........#...sSl#
..........##.#ooo..#
.........o...#...###
..........s.O..###
..............##
...........#..).
..<........#....


You could see an ogre (extremely poisoned), a scorpion, an iguana, an adder and
4 orcs.

Vanquished Creatures
  2 scorpions
  An orc priest (D:2)
  Terence (D:2)
  An orc wizard (D:2)
  A gnoll (D:1)
  An adder (D:2)
  A worm (D:2)
  A dart slug (D:1)
  6 orcs
  9 ball pythons
  7 bats
  2 endoplasms
  5 goblins
  10 hobgoblins
  4 kobolds
  3 quokkas
  5 frilled lizards
  3 rats
63 creatures vanquished.

Vanquished Creatures (others)
  A fungus (D:1)
1 creature vanquished.

Grand Total: 64 creatures vanquished

Notes
Turn   | Place    | Note
-------+----------+-------------------------------------------
     0 | D:1      | LOWERYAK the Ogre Transmuter began the quest for the Orb.
     0 | D:1      | Reached XP level 1. HP: 19/19 MP: 3/3
    58 | D:1      | Reached skill level 2 in Fighting
    82 | D:1      | Reached XP level 2. HP: 29/29 MP: 3/5
   192 | D:1      | Reached skill level 3 in Fighting
   536 | D:1      | Found a faded altar of an unknown god.
   645 | D:1      | Learned a level 2 spell: Wereblood
   681 | D:1      | Reached skill level 4 in Fighting
   681 | D:1      | Reached XP level 3. HP: 38/39 MP: 6/6
   685 | D:1      | Learned a level 3 spell: Spider Form
   851 | D:1      | Found Axaalob's General Store.
   859 | D:1      | Bought a potion of curing for 36 gold pieces
  1619 | D:2      | Reached skill level 1 in Poison Magic
  1619 | D:2      | Reached XP level 4. HP: 39/48 MP: 4/8
  1740 | D:2      | Noticed Terence
  1756 | D:2      | Killed Terence
  2140 | D:2      | Found Esifesun's Magic Scroll Emporium.
  2145 | D:2      | Bought a scroll of blinking for 75 gold pieces
  2512 | D:2      | Reached XP level 5. HP: 49/54 MP: 6/9
  3280 | D:3      | Found a stormy altar of Qazlal.
  3512 | D:3      | Found a burning altar of Makhleb.
  3776 | D:4      | Noticed an ogre
  3779 | D:4      | Reached XP level 6. HP: 49/63 MP: 4/10
  3782 | D:3      | Reached skill level 5 in Fighting
  3988 | D:4      | Mangled by an ogre

Illustrated notes

Levels and vault maps discovered:
D:1:      minmay_arrival_four_loops, layout_loops_ring, serial_shops, shop,
          shapermc_ecumenical_altar_mp_urbaneastern, minmay_bisected
D:2:      layout_basic, serial_shops, shop, uniq_terence
D:3:      layout_basic, overflow_temple_1_default, lemuel_round_altar,
          serial_bayou_ford_a
D:4:      minmay_spotlight, layout_cave_pools, xom_confusion_cloud

Skill      XL: |  1  2  3  4  5  6 |
---------------+-------------------+-----
Fighting       | 2 4 5 |  5.0
Transmutations | 2 |  2.4
Poison Magic   | 1 2 |  2.0
Spellcasting   | 3 |  3.1
Unarmed Combat | 3 |  3.9
Dodging        | |  1.7

Action                   |  1- 3 |  4- 6 || total
-------------------------+-------+-------++-------
Melee: Unarmed           |   102 |    95 ||   197
       Kick              |    15 |     5 ||    20
       Headbutt          |     9 |     2 ||    11
       Punch             |       |     1 ||     1
Throw: Dart              |     5 |       ||     5
 Cast: Beastly Appendage |    16 |     3 ||    19
       Wereblood         |     2 |     4 ||     6
       Spider Form       |       |    12 ||    12
  Use: Potion            |       |     2 ||     2
 Stab: Sleeping          |     1 |     1 ||     2
Armor: Robe              |    25 |    10 ||    35
       Skin              |       |     3 ||     3
Dodge: Dodged            |    48 |    77 ||   125

Table legend: (Time is in decaauts)
 A = Elapsed time spent in this place.
 B = Non-inter-level travel time spent in this place.
 C = Inter-level travel time spent in this place.
 D = Time resting spent in this place.
 E = Time spent auto-exploring this place.
 F = Levels seen in this place.
 G = Mean time per level.
                   A        B        C        D        E       F      G
               +--------+--------+--------+--------+--------+-----+--------+
         Total |   3983 |   3930 |     53 |   1123 |   2089 |   4 |  995.8 |
       Dungeon |   3983 |   3930 |     53 |   1123 |   2089 |   4 |  995.8 |
               +--------+--------+--------+--------+--------+-----+--------+

Top non-repeatable levels by time:
     D:2: 1426 daAuts
     D:1: 1290 daAuts
     D:3: 1229 daAuts
     D:4: 36 daAuts
